 Dungeon Crawl Stone Soup version 0.18.1-50-g88ac8fd (webtiles) character file.

107643 nikopol the Severer (level 16, 0/148 HPs)
             Began as a Minotaur Berserker on Oct 23, 2016.
             Was the Champion of Trog.
             Shot with a bolt by a naga sharpshooter (19 damage)
             ... on level 1 of the Snake Pit.
             The game lasted 01:37:21 (32250 turns).

nikopol the Severer (Minotaur Berserker)           Turns: 32250, Time: 01:37:21

Health: 0/148      AC: 25    Str: 27    XL:     16   Next: 0%
Magic:  1/15       EV: 22    Int:  6    God:    Trog [******]
Gold:   1950       SH:  0    Dex: 21    Spells: 0 memorised, 15 levels left

rFire  . . .     SeeInvis +     a - +3 battleaxe (chop)
rCold  . . .     Gourm    +     F - +4 scale mail
rNeg   . . .     Faith    .     (shield currently unavailable)
rPois  .         Spirit   .     t - +3 crown of Dyrovepreva {rElec Int+2 SInv}
rElec  +         Dismiss  .     d - +2 cloak {+Inv}
rCorr  +         Reflect  .     K - +0 pair of gloves
SustAt .         Harm     .     P - +1 pair of boots
MR     +....                    m - amulet of the gourmand
Stlth  ..........               y - +5 ring of dexterity
                                f - ring "Gutsen" {rCorr rPois Str+2}

@: lethally poisoned (0 -> -18), poison vulnerable, somewhat resistant to
hostile enchantments, extremely unstealthy
A: retaliatory headbutt, horns 2, rugged brown scales 1, agile 1
a: Berserk, Trog's Hand, Brothers in Arms, Burn Spellbooks, Renounce Religion,
Evoke Invisibility


You were on level 1 of the Snake Pit.
You worshipped Trog.
Trog was exalted by your worship.
You were completely stuffed.

You visited 4 branches of the dungeon, and saw 26 of its levels.
You also visited: Bailey.

You collected 2339 gold pieces.
You spent 389 gold pieces at shops.

Inventory:

Hand Weapons
 a - a +3 battleaxe of chopping (weapon)
 z - a +7 shortbow of flaming
 Q - a +2 executioner's axe of flaming
 Z - a +2 antimagic executioner's axe
Missiles
 j - 376 arrows (quivered)
Armour
 d - a +2 cloak of invisibility (worn)
 t - the +3 crown of Dyrovepreva (worn) {rElec Int+2 SInv}
   (You acquired it on level 4 of the Lair of Beasts)

   It affects your intelligence (+2).
   It insulates you from electricity.
   It lets you see invisible.
 F - a +4 scale mail (worn)
 H - a +2 ring mail of poison resistance
 K - a +0 pair of gloves (worn)
 O - a +2 cloak
 P - a +1 pair of boots (worn)
 S - a +2 chain mail of cold resistance
Jewellery
 f - the ring "Gutsen" (left hand) {rCorr rPois Str+2}
   (You bought it in a shop on level 7 of the Dungeon)

   [ring of resist corrosion]

   It affects your strength (+2).
   It protects you from poison.
 m - an amulet of the gourmand (around neck)
 y - a +5 ring of dexterity (right hand)
 E - an uncursed ring of flight
 G - an uncursed ring of protection from fire
Wands
 e - a wand of disintegration (14/24)
 l - a wand of heal wounds (7/9)
 C - a wand of teleportation (4/9)
 D - a wand of lightning (8/15)
 U - a wand of iceblast (8/15)
Scrolls
 h - 6 scrolls of identify
 k - 5 scrolls of enchant weapon
 o - 2 scrolls of fear
 r - 10 scrolls of teleportation
 x - 4 scrolls of blinking
 B - 6 scrolls of magic mapping
 J - 11 scrolls of remove curse
 N - 4 scrolls of recharging
 T - a scroll of enchant armour
 W - a scroll of fog
Potions
 b - a potion of berserk rage
 n - 5 potions of haste
 p - 2 potions of heal wounds
 q - 2 potions of cure mutation
 s - 4 potions of magic
 u - 10 potions of flight
 A - 9 potions of curing
 I - 4 potions of cancellation
 L - 2 potions of brilliance
 M - a potion of ambrosia
 R - 3 potions of agility
 V - a potion of invisibility
Comestibles
 c - 10 bread rations
 g - 2 royal jellies
 i - 5 beef jerkies
 v - 31 fruits
 w - 8 meat rations
 X - 3 chunks of flesh
 Y - 2 slices of pizza


   Skills:
 + Level 13.6 Fighting
 * Level 17.5 Axes
 * Level 15.4 Bows
 + Level 13.8 Armour
 + Level 13.1 Dodging


You had 15 spell levels left.
You didn't know any spells.

Dungeon Overview and Level Annotations

Branches:
Dungeon (15/15)            Temple (0/1) D:5            Lair (8/8) D:9
 Shoals (0/4) Lair:3        Snake (1/4) Lair:4        Slime (0/6) Lair:7
    Orc (2/2) D:12            Elf (0/3) Orc:2        Vaults (0/5) D:13
 Depths (0/5) D:15

Altars:
Cheibriados
Fedhas
Gozag
Kikubaaqudgha
Makhleb
Nemelex Xobeh
Okawaru
Qazlal
Sif Muna
Xom
Yredelemnul
The Shining One
Jiyva

Shops:
D:7 =   D:13 !   Orc:2 (=[*%   Snake:1 *


Innate Abilities, Weirdness & Mutations

You reflexively headbutt those who attack you in melee.
You have a pair of horns on your head.
You are partially covered in rugged brown scales (AC +1, +3% HP).
You are agile. (Dex +2)


Message History

The naga sharpshooter magically shoots a bolt.
The bolt hits you!
You see here 2 bolts.
You are more poisoned.
The naga sharpshooter casts a spell.
The naga sharpshooter magically shoots a bolt.
The bolt hits you!!
* * * LOW HITPOINT WARNING * * *
You see here 2 bolts.
You feel sick.
* * * LOW HITPOINT WARNING * * *
You are more poisoned.
You feel sick.
* * * LOW HITPOINT WARNING * * *
You are more poisoned.
The naga ritualist's toxic aura wanes.
The naga sharpshooter casts a spell.
The naga sharpshooter magically shoots a bolt.
The bolt hits you!!
You die...

....# (......
......### .N...
......... ##SN.
......... #SN#
........###.#
..........N.#
#.......#(∩.#
#........#
#...@..#.# ..
#........##
....#.........##
#..............
##....<........
##............
#..#####.....
.... ....#
...... ..#


You could see a naga sharpshooter, a naga ritualist, 2 black mambas, a naga mage
and a naga.

Vanquished Creatures
  Rupert (Lair:4)
  Agnes (D:15)
  Kirke (D:12)
  An orc warlord (Orc:1)
  Maud (D:10)
  A stone giant (Orc:1)
  Josephine (D:15)
  Snorg (Lair:5)
  Fannar (D:11)
  An anaconda (Snake:1)
  8 hydras
  3 catoblepae
  3 centaur warriors
  An ogre mage (D:15)
  A deep troll shaman (Lair:8)
  9 death yaks
  2 orc high priests
  Urug (D:13)
  An unseen horror (D:13)
  8 orc knights
  8 hill giants
  A lindwurm (Lair:8)
  8 orc sorcerers
  2 mana vipers (Snake:1)
  3 wizards
  4 deep elf magi
  5 ugly things
  An oklob plant (Lair:2)
  A manticore (D:12)
  3 cyclopes
  2 griffons
  4 black mambas
  Maurice (D:12)
  A torpor snail (Lair:7)
  A naga mage (D:15)
  12 elephants
  5 gargoyles
  12 spiny frogs
  11 komodo dragons
  6 trolls
  3 two-headed ogres
  27 blink frogs
  Grinder (D:4)
  A polar bear (Lair:7)
  2 boulder beetles (Lair:8)
  6 slime creatures
  A shadow (D:12)
  5 wraiths
  A vampire (D:11)
  A water elemental (D:15)
  66 yaks
  3 wyverns
  A basilisk (Lair:7)
  7 hogs (D:12)
  2 hungry ghosts
  12 hippogriffs
  A steam dragon (D:11)
  5 wargs (Orc:2)
  A vampire mosquito (D:13)
  A soldier ant (D:7)
  3 nagas (Lair:4)
  12 water moccasins
  Duvessa (D:4)
  9 porcupines
  A swamp drake (D:12)
  34 orc warriors
  5 black bears
  3 sky beasts
  5 ice beasts
  2 phantoms
  5 wolves (Lair:8)
  2 wasps
  3 necrophages
  20 ogres
  19 centaurs
  14 crocodiles
  3 big kobolds
  31 giant frogs
  Dowan (D:4)
  A wyvern skeleton (D:8)
  3 scorpions
  11 killer bees
  15 wights
  6 electric eels
  5 howler monkeys
  3 giant frog zombies
  11 crimson imps
  5 centaur zombies
  9 hounds
  4 jellies
  A giant frog skeleton (D:7)
  18 orc wizards
  11 orc priests
  5 centaur skeletons
  Ijyb (D:2)
  10 iguanas
  Natasha (thrice) (D:3)
  14 worker ants
  3 sheep
  2 hound skeletons
  A worker ant zombie (D:9)
  11 adders
  7 gnolls
  A howler monkey skeleton (D:5)
  72 river rats
  2 shadow imps
  2 oozes
  An adder skeleton (D:5)
  4 worms
  3 dart slugs
  6 giant geckos
  89 orcs
  2 ball pythons (D:2)
  9 giant cockroaches
  12 goblins
  15 hobgoblins
  9 jackals
  4 quokkas
  8 bats
  4 giant newts
  17 kobolds
  A quokka zombie (D:8)
  10 rats
  A bush (Lair:3)
  A butterfly (D:7)
  15 fungi
  5 plants
911 creatures vanquished.

Vanquished Creatures (others)
  15 fungi
  5 plants
20 creatures vanquished.

Grand Total: 931 creatures vanquished

Notes
Turn   | Place    | Note
--------------------------------------------------------------
     0 | D:1      | nikopol the Minotaur Berserker began the quest for the Orb.
     0 | D:1      | Reached XP level 1. HP: 19/19 MP: 0/0
   416 | D:1      | Reached XP level 2. HP: 27/27 MP: 1/1
   465 | D:1      | Reached skill level 4 in Axes
   594 | D:2      | Noticed Ijyb
   613 | D:2      | Killed Ijyb
   613 | D:2      | Reached XP level 3. HP: 15/33 MP: 2/2
   970 | D:2      | Found a blossoming altar of Fedhas.
  1075 | D:2      | Reached ** piety under Trog
  1326 | D:2      | Reached XP level 4. HP: 38/40 MP: 3/3
  1660 | D:3      | Noticed Natasha
  1670 | D:3      | Killed Natasha
  2000 | D:3      | Noticed Natasha
  2014 | D:3      | Killed Natasha
  2014 | D:3      | Reached XP level 5. HP: 25/47 MP: 4/4
  2041 | D:3      | Noticed Natasha
  2049 | D:3      | Killed Natasha
  2276 | D:3      | Reached *** piety under Trog
  2276 | D:3      | Reached skill level 5 in Axes
  2301 | D:3      | Found a sparkling altar of Nemelex Xobeh.
  2354 | D:3      | Reached skill level 5 in Fighting
  2909 | D:4      | Noticed Duvessa
  2909 | D:4      | Noticed Dowan
  2914 | D:4      | Killed Duvessa
  2914 | D:4      | Reached XP level 6. HP: 56/56 MP: 5/5
  2933 | D:4      | Killed Dowan
  3100 | D:4      | Noticed Grinder
  3123 | D:4      | Killed Grinder
  3123 | D:4      | Reached skill level 6 in Axes
  3123 | D:4      | Reached XP level 7. HP: 61/63 MP: 6/6
  3311 | D:4      | Reached **** piety under Trog
  3311 | D:4      | Reached skill level 5 in Dodging
  3536 | D:5      | Entered Level 5 of the Dungeon
  3582 | D:5      | Reached skill level 5 in Armour
  3972 | D:5      | Reached XP level 8. HP: 52/71 MP: 7/7
  4149 | D:5      | Reached skill level 7 in Axes
  4165 | D:5      | Found a snail-covered altar of Cheibriados.
  4450 | D:5      | Found a staircase to the Ecumenical Temple.
  4545 | D:5      | Found a basalt altar of Yredelemnul.
  4602 | D:5      | Found a burning altar of Makhleb.
  5531 | D:6      | Reached skill level 8 in Axes
  5531 | D:6      | Reached XP level 9. HP: 65/80 MP: 8/8
  6023 | D:7      | Found a flagged portal.
  6032 | Bailey   | Entered a bailey
  6051 | Bailey   | Reached skill level 1 in Bows
  6357 | Bailey   | Noticed an orc knight
  6370 | Bailey   | Killed an orc knight
  6370 | Bailey   | Reached skill level 9 in Axes
  6373 | Bailey   | HP: 4/121 [orc warrior/broad axe (18)]
  6735 | Bailey   | Noticed an orc sorcerer
  6736 | Bailey   | Noticed an orc sorcerer
  6747 | Bailey   | Killed an orc sorcerer
  6747 | Bailey   | Reached ***** piety under Trog
  6751 | Bailey   | Killed an orc sorcerer
  6754 | Bailey   | Found an iron altar of Okawaru.
  7136 | Bailey   | Reached XP level 10. HP: 21/90 MP: 9/9
  7861 | Bailey   | Reached skill level 5 in Bows
  8128 | Bailey   | Noticed an orc knight
  8135 | Bailey   | Killed an orc knight
  8135 | Bailey   | Reached skill level 10 in Axes
  8433 | D:7      | Gained mutation: You are partially covered in rugged brown scales (AC +1, +3% HP). [potion of beneficial mutation]
  8468 | D:7      | Found a stormy altar of Qazlal.
  8493 | D:7      | Found a snail-covered altar of Cheibriados.
  8623 | D:7      | Found an iron altar of Okawaru.
  8629 | D:7      | Found a glowing golden altar of the Shining One.
  8680 | D:7      | Found an ancient bone altar of Kikubaaqudgha.
  8866 | D:7      | Received a gift from Trog
  8910 | D:7      | Found a runed door.
  8934 | D:7      | Found a runed door.
  9217 | D:7      | Found Jouzuggebe's Jewellery Shop.
  9225 | D:7      | Bought the ring "Gutsen" {rCorr rPois Str+2} for 389 gold pieces
  9609 | D:8      | Received a gift from Trog
  9849 | D:8      | Identified the Tome of the Oath and the Entourage
  9900 | D:8      | Found an opulent altar of Gozag.
 10243 | D:9      | Noticed an elephant
 10263 | D:9      | Killed an elephant
 10263 | D:9      | Reached skill level 11 in Axes
 10438 | D:9      | Found a staircase to the Lair.
 11000 | D:9      | Found a deep blue altar of Sif Muna.
 11046 | D:9      | Found a blossoming altar of Fedhas.
 11116 | Lair:1   | Entered Level 1 of the Lair of Beasts
 11162 | Lair:1   | Received a gift from Trog
 11162 | Lair:1   | Reached XP level 11. HP: 95/99 MP: 10/10
 12066 | Lair:2   | Noticed an oklob plant
 12155 | Lair:2   | Killed an oklob plant
 13243 | Lair:3   | Reached skill level 10 in Fighting
 13243 | Lair:3   | Reached skill level 12 in Axes
 13552 | Lair:3   | Found a staircase to the Shoals.
 13882 | Lair:3   | Reached skill level 10 in Armour
 14076 | Lair:3   | Noticed a four-headed hydra
 14089 | Lair:3   | Killed a four-headed hydra
 14442 | Lair:3   | Reached XP level 12. HP: 104/110 MP: 11/11
 14655 | Lair:4   | Gained mutation: You are agile. (Dex +2) [potion of beneficial mutation]
 14733 | Lair:4   | Received a gift from Trog
 15288 | Lair:4   | Found a staircase to the Snake Pit.
 15372 | Lair:4   | Noticed Rupert
 15416 | Lair:4   | Killed Rupert
 15416 | Lair:4   | Reached skill level 13 in Axes
 15416 | Lair:4   | Reached skill level 10 in Bows
 15416 | Lair:4   | Reached skill level 10 in Dodging
 16587 | Lair:5   | Noticed Snorg
 16601 | Lair:5   | Killed Snorg
 16676 | Lair:5   | Received a gift from Trog
 17646 | Lair:6   | Noticed a seven-headed hydra
 17652 | Lair:6   | Killed a seven-headed hydra
 17652 | Lair:6   | Reached XP level 13. HP: 119/119 MP: 12/12
 17766 | Lair:6   | Reached skill level 14 in Axes
 18655 | Lair:7   | Received a gift from Trog
 18898 | Lair:7   | Reached ****** piety under Trog
 19773 | Lair:7   | Found a viscous altar of Jiyva.
 19773 | Lair:7   | Found a staircase to the Slime Pits.
 19957 | Lair:7   | Received a gift from Trog
 20234 | Lair:8   | Entered Level 8 of the Lair of Beasts
 20269 | Lair:8   | Reached skill level 15 in Axes
 20809 | Lair:8   | Reached XP level 14. HP: 71/129 MP: 13/13
 21409 | Lair:8   | Received a gift from Trog
 21419 | Lair:8   | Got an encrusted longbow {god gift}
 21420 | Lair:8   | Identified the +1 longbow "Xuntus" {flame, Dex+5 SInv} (Trog gifted it to you on level 8 of the Lair of Beasts)
 22408 | D:10     | Entered Level 10 of the Dungeon
 22639 | D:10     | Found a shimmering altar of Xom.
 22640 | D:10     | Found a shimmering altar of Xom.
 22648 | D:10     | Found a shimmering altar of Xom.
 22648 | D:10     | Noticed Maud
 22681 | D:10     | Killed Maud
 23701 | D:11     | Received a gift from Trog
 23854 | D:11     | Reached skill level 16 in Axes
 24064 | D:11     | Noticed Fannar
 24090 | D:11     | Killed Fannar
 24868 | D:12     | Noticed Maurice
 24876 | D:12     | Killed Maurice
 25174 | D:12     | Found a staircase to the Orcish Mines.
 25855 | D:12     | Noticed Kirke
 26050 | D:12     | Killed Kirke
 26050 | D:12     | Reached XP level 15. HP: 138/138 MP: 14/14
 26176 | Orc:1    | Entered Level 1 of the Orcish Mines
 26180 | Orc:1    | Received a gift from Trog
 26454 | Orc:2    | Entered Level 2 of the Orcish Mines
 26460 | Orc:2    | Noticed an orc warlord
 26493 | Orc:1    | Killed an orc warlord
 26863 | Orc:2    | Found Quopp's Antique Weapon Shop.
 26880 | Orc:2    | Found a staircase to the Elven Halls.
 26919 | Orc:2    | Found Baabrass's Antique Armour Shoppe.
 27042 | Orc:2    | Found Laypt's Jewellery Boutique.
 27489 | Orc:2    | Received a gift from Trog
 27498 | Orc:2    | Found Dotyt's General Store.
 27850 | Orc:2    | Found Kirybric's Food Shop.
 28523 | D:13     | Noticed Urug
 28536 | D:13     | Killed Urug
 29008 | D:13     | Found a gate to the Vaults.
 29192 | D:13     | Received a gift from Trog
 29248 | D:13     | Reached skill level 17 in Axes
 29428 | D:13     | Found Myhuasse's Distillery.
 29602 | D:13     | Reached skill level 15 in Bows
 29655 | D:14     | Received a gift from Trog
 30626 | D:14     | Found a shimmering altar of Xom.
 30796 | D:15     | Entered Level 15 of the Dungeon
 31190 | D:15     | Noticed Agnes
 31207 | D:15     | Killed Agnes
 31557 | D:15     | Noticed Josephine
 31565 | D:15     | Killed Josephine
 31725 | D:15     | Found a staircase to the Depths.
 31737 | D:15     | Received a gift from Trog
 32216 | Snake:1  | Entered Level 1 of the Snake Pit
 32216 | Snake:1  | Found Eleipnuv's General Store.
 32246 | Snake:1  | Reached XP level 16. HP: 76/148 MP: 1/15
 32250 | Snake:1  | Shot with a bolt by a naga sharpshooter

Skill      XL: |  1  2  3  4  5  6  7  8  9 10 11 12 13 14 15 |
---------------+----------------------------------------------+-----
Axes           | 4 5 6 8 9 11 12 13 15 16 17 | 17.5
Fighting       | 4 5 6 7 8 9 10 11 12 13 | 13.6
Armour         | 3 4 5 7 8 9 10 11 12 13 | 13.8
Dodging        | 3 4 5 7 8 9 10 11 12 13 | 13.1
Bows           | 4 7 9 11 12 14 15 | 15.4

Action                   |  1- 3 |  4- 6 |  7- 9 | 10-12 | 13-15 | 16-18 || total
-------------------------+-------+-------+-------+-------+-------+-------++-------
Melee: Hand axe          |    72 |   134 |   259 |   476 |   193 |       ||  1134
       Headbutt          |    12 |    25 |    64 |   169 |   165 |       ||   435
       Battleaxe         |       |       |       |       |    81 |       ||    81
       Unarmed           |       |       |       |       |     5 |       ||     5
       Broad axe         |       |       |       |       |    99 |       ||    99
       Executioner's axe |       |       |       |       |    20 |       ||    20
 Fire: Shortbow          |       |       |    32 |   682 |  1566 |       ||  2280
Invok: Berserk           |     1 |     3 |     2 |     5 |     4 |       ||    15
       Burn Spellbooks   |       |       |       |     1 |     4 |       ||     5
  Use: Scroll            |       |       |     3 |    13 |    24 |       ||    40
       Potion            |       |       |       |     2 |       |       ||     2
 Stab: Paralysed         |       |       |     1 |       |       |       ||     1
       Petrified         |       |       |       |       |     5 |       ||     5
       Petrifying        |       |       |       |       |     1 |       ||     1
  Eat: Chunk             |     2 |     8 |    15 |    29 |    58 |       ||   112
       Beef jerky        |       |       |     1 |     4 |       |       ||     5
       Pizza             |       |       |       |     1 |       |       ||     1
       Royal jelly       |       |       |       |       |     1 |       ||     1
Armor: Animal skin       |    11 |       |       |       |       |       ||    11
       Leather armour    |     6 |    16 |    30 |       |       |       ||    52
       Ring mail         |       |       |       |   107 |    64 |       ||   171
       Chain mail        |       |       |       |       |    83 |       ||    83
       Scale mail        |       |       |       |       |    22 |       ||    22
Dodge: Dodged            |    61 |    81 |   152 |   442 |   432 |       ||  1168
